 Dungeon Crawl Stone Soup version 0.28.0-1-gb440e238dd (webtiles) character file.

Game seed: 4356003556009918268

85 zeram the Sneak (level 4, -5/28 (29) HPs)
             Began as an Octopode Brigand on Feb 25, 2022.
             Succumbed to Crazy Yiuf's poison
             ... on level 2 of the Dungeon.
             The game lasted 00:01:37 (1853 turns).

zeram the Sneak (Octopode Brigand)                  Turns: 1853, Time: 00:01:38

HP:   -5/28 (29)    AC:  1    Str: 10    XL:     4   Next: 48%
MP:   4/4           EV: 12    Int: 15    God:
Gold: 103           SH:  0    Dex: 13    Spells: 3/3 levels left

rFire   . . .      SeeInvis .   a - +2 dagger
rCold   . . .      Faith    .   (no shield)
rNeg    . . .      Spirit   .   (helmet restricted)
rPois   .          Reflect  .   (no amulet)
rElec   .          Harm     .   (no ring)
rCorr   .          Rampage  .   (no ring)
Will    .....                   (no ring)
Stlth   ++++......              (no ring)
HPRegen 0.09/turn               (no ring)
MPRegen 0.09/turn               (no ring)
                                (no ring)
                                (no ring)

@: lethally poisoned (-5 -> -36), lightly drained
A: almost no armour, amphibious, 8 rings, camouflage 1, gelatinous body 1,
(nimble swimmer 1), tentacles
a: no special abilities


You were on level 2 of the Dungeon.
You visited 1 branch of the dungeon, and saw 2 of its levels.

You collected 103 gold pieces.

Inventory:

Hand Weapons
 a - a +2 dagger (weapon)
Missiles
 b - 8 poisoned darts (quivered)
 c - 2 curare-tipped darts
Armour
 e - an orb of mayhem


   Skills:
 - Level 2.0 Fighting
 + Level 2.9 Short Blades
 - Level 2.0 Throwing
 + Level 1.1 Dodging
 + Level 7.3 Stealth


You had 3 spell levels left.
You didn't know any spells.
Your spell library was empty.

Dungeon Overview and Level Annotations

Branches:
Dungeon (2/15)

Altars:
Xom

Annotations:
D:2 Crazy Yiuf


Innate Abilities, Weirdness & Mutations

You cannot wear most types of armour.
You are amphibious.
You can wear up to eight rings at the same time.
Your skin changes colour to match your surroundings (Stealth+).
Your rubbery body absorbs attacks. (AC +1, EV +1)
((You are camouflaged when in or above water. (Stealth+)))
You have tentacles for arms and can constrict up to eight enemies at once.


Message History

You impale the worm!!
You kill the worm!
No target in view!
You see here a worm corpse.
You see here an adder corpse.
Things that are here:
a +0 whip; a stone
There is an escape hatch in the ceiling here.
Could not explore, unopened runed door.
Could not explore, unopened runed door.
Could not explore, unopened runed door.
No reachable target in view!
No reachable target in view!
You aren't carrying any potions.
You open the door. You hit Crazy Yiuf but do no damage.
Your grab misses Crazy Yiuf. Your squeeze misses Crazy Yiuf.
You hit Crazy Yiuf. You grab Crazy Yiuf.
Crazy Yiuf is lightly wounded.
You constrict Crazy Yiuf. Crazy Yiuf barely misses you.
You hit Crazy Yiuf but do no damage.
Crazy Yiuf is lightly wounded.
You constrict Crazy Yiuf.
Crazy Yiuf hits you with a +3 quarterstaff of chaos!
You feel drained.
You hit Crazy Yiuf.
Crazy Yiuf is moderately wounded.
You constrict Crazy Yiuf. Crazy Yiuf completely misses you.
You hit Crazy Yiuf.
Crazy Yiuf is severely wounded.
You constrict Crazy Yiuf.
Crazy Yiuf hits you with a +3 quarterstaff of chaos!!
Ouch! That really hurt!
* * * LOW HITPOINT WARNING * * *
You are lethally poisoned!
You aren't carrying any potions.
As you read the scroll labelled JAROB BUCOAGYO, it crumbles to dust.
You assume a fearsome visage.
Crazy Yiuf looks frightened!
It was a scroll of fear.
You constrict Crazy Yiuf.
You die...

....##.# #.# ....##.#
#.# ....##.# #.#
######.## ### .# #..#
.#####..#######
........#...#.### ###
.######......#..##...#
............####@g...#
..####..#..## ###..)#
..####.##### ###
.....#.# ######.##
#..# ####


You could see Crazy Yiuf (fleeing).

Vanquished Creatures
  A bullfrog skeleton (D:2)
  2 adders (D:2)
  2 worms (D:2)
  3 bats (D:2)
  An endoplasm (D:2)
  3 goblins
  2 hobgoblins
  3 quokkas (D:1)
  4 ball pythons
  2 frilled lizards
  5 kobolds
  8 rats
36 creatures vanquished.

Notes
Turn   | Place    | Note
-------+----------+-------------------------------------------
     0 | D:1      | zeram the Octopode Brigand began the quest for the Orb.
     0 | D:1      | Reached XP level 1. HP: 14/14 MP: 1/1
   139 | D:1      | Reached XP level 2. HP: 18/19 MP: 2/2
   760 | D:1      | Found a faded altar of an unknown god.
   921 | D:2      | Reached skill level 6 in Stealth
  1025 | D:2      | Reached XP level 3. HP: 16/24 MP: 3/3
  1310 | D:2      | Found a shimmering altar of Xom.
  1542 | D:2      | Reached skill level 7 in Stealth
  1542 | D:2      | Reached XP level 4. HP: 29/29 MP: 4/4
  1719 | D:2      | Found a runed translucent door.
  1720 | D:2      | Noticed Crazy Yiuf
  1852 | D:2      | HP: 1/28 [Crazy Yiuf (18)]
  1853 | D:2      | Succumbed to Crazy Yiuf's poison

Illustrated notes

Levels and vault maps discovered:
D:1:      dpeg_arrival_erosion, layout_basic, shapermc_ecumenical_altar_ellora,
          amcnicky_mini_pool_small, hangedman_decor_clover_reticule
D:2:      layout_basic, basic_altar, uniq_crazy_yiuf_cottage

Skill      XL: |  1  2  3 |
---------------+----------+-----
Stealth        | 6 7 |  7.3
Fighting       | |  2.0
Short Blades   | |  2.9
Throwing       | |  2.0
Dodging        | |  1.1

Action                   |  1- 3 |  4- 6 || total
-------------------------+-------+-------++-------
Melee: Dagger            |    44 |    16 ||    60
       Constrict         |     7 |     4 ||    11
       Punch             |     1 |       ||     1
       Tentacles         |     7 |     3 ||    10
  Use: Scroll            |     2 |     1 ||     3
 Stab: Sleeping          |    12 |     2 ||    14
       Distracted        |     2 |       ||     2
Armor: Skin              |     3 |       ||     3
Dodge: Dodged            |    16 |     8 ||    24
